 Dungeon Crawl Stone Soup version 0.17-a0-1946-gfb768fe (webtiles) character file.

98 HungrySpirit the Charmwright (level 4, -2/33 HPs)
             Began as a Vampire Skald on Oct 1, 2015.
             Slain by Natasha (5 damage)
             ... on level 3 of the Dungeon.
             The game lasted 00:02:26 (1605 turns).

HungrySpirit the Charmwright (Vampire Skald)        Turns: 1605, Time: 00:02:26

Health: -2/33      AC:  1    Str: 11    XL:     4   Next: 43%
Magic:  5/7        EV: 12    Int: 14    God:
Gold:   77         SH:  0    Dex: 14    Spells: 1 memorised, 6 levels left

rFire  . . .     SeeInvis +     o - +0 dagger (venom)
rCold  . . .     Clarity  .     j - -2 leather armour (curse)
rNeg   . . .     SustAt   .     (no shield)
rPois  .         Gourm    .     (no helmet)
rElec  .         Spirit   .     (no cloak)
rCorr  .         Warding  .     (no gloves)
rMut   .         Stasis   .     (no boots)
MR     .....                    (no amulet)
Stlth  +.........               (no ring)
                                (no ring)

@: infused, regenerating quickly, slowed, very slow, not resistant to hostile
enchantments, very unstealthy
A: fangs 3, see invisible, unbreathing
a: no special abilities


You were on level 3 of the Dungeon.
You were full.

You visited 1 branch of the dungeon, and saw 3 of its levels.

You collected 77 gold pieces.

Inventory:

Hand weapons
 o - a +0 dagger of venom (weapon)
Armour
 b - a +0 leather armour
 j - a cursed -2 leather armour (worn)
Scrolls
 a - a scroll of remove curse {unknown}
 n - a scroll of identify
Potions
 d - a potion of blood
 e - a potion of cancellation
 f - a potion of degeneration
 g - 2 potions of agility {unknown}
 h - a potion of poison {unknown}
 i - a potion of might {unknown}
 k - a potion of curing {unknown}
 l - 2 potions of haste {unknown}
 m - 2 potions of heal wounds {unknown}
 p - 2 potions of mutation {unknown}
Books
 c - a book of Battle

   Spells                             Type                      Level
   a - Infusion                       Charms                       1
   b - Shroud of Golubria             Charms/Translocation         2
   c - Song of Slaying                Charms                       2
   d - Spectral Weapon                Hexes/Charms                 3
   e - Regeneration                   Charms/Necromancy            3


   Skills:
 - Level 1.7 Fighting
 * Level 3.8 Short Blades
 - Level 0.7 Armour
 + Level 2.3 Dodging
 + Level 2.3 Spellcasting
 + Level 3.9 Charms


You had 6 spell levels left.
You knew the following spells:

 Your Spells              Type           Power        Failure   Level  Hunger
a - Infusion              Chrm           ##....       8%          1    #......


Dungeon Overview and Level Annotations

Branches:
Dungeon (3/15)

Altars:
Makhleb

Annotations:
D:3 Natasha


Innate Abilities, Weirdness & Mutations

Your natural rate of healing is unusually fast.
You have razor-sharp teeth.
You have supernaturally acute eyesight.
You can survive without breathing.


Message History

Natasha claws you!
You barely miss Natasha. You bite Natasha.
Natasha is lightly wounded.
You hit Natasha but do no damage.
Natasha is poisoned.
Natasha is lightly wounded.
Natasha stares at you and mumbles some strange words.
You feel yourself slow down.
You barely miss Natasha.
Natasha is heavily wounded.
Natasha claws you.
You barely miss Natasha.
Natasha is heavily wounded.
Natasha closely misses you. Natasha casts a spell at you.
The magic dart hits you!
* * * LOW HITPOINT WARNING * * *
You hit Natasha.
Natasha looks even sicker.
Natasha is severely wounded.
Natasha claws you.
You die...

#.# ##....# #.#
#.##.#
#.####.##.###
#......#....#
###########.#
#.. #.# #.# #.#
#h# #.#
#######@###.#.#
#...........#.#
#.#####.#####.#
#.# #.# #.# #.#
#.# #.#
#.#####.#
#.......#
#########


You could see Natasha.

Vanquished Creatures
  Ijyb (D:3)
  Natasha (D:3)
  An adder (D:3)
  A gnoll (D:1)
  A ball python (D:2)
  2 giant cockroaches (D:1)
  4 goblins
  4 hobgoblins
  2 kobolds
  3 quokkas
  2 bats
  3 giant newts (D:2)
  5 rats
30 creatures vanquished.

Vanquished Creatures (others)
  An ogre (D:3)
1 creature vanquished.

Grand Total: 31 creatures vanquished

Notes
Turn   | Place    | Note
--------------------------------------------------------------
     0 | D:1      | HungrySpirit the Vampire Skald began the quest for the Orb.
     0 | D:1      | Reached XP level 1. HP: 16/16 MP: 3/3
   212 | D:1      | Reached XP level 2. HP: 22/22 MP: 0/5
   621 | D:2      | Found a burning altar of Makhleb.
   794 | D:2      | Reached XP level 3. HP: 27/27 MP: 6/6
  1170 | D:3      | Killed an ogre
  1217 | D:3      | Noticed Ijyb
  1225 | D:3      | Killed Ijyb
  1321 | D:3      | Reached XP level 4. HP: 14/33 MP: 3/7
  1518 | D:3      | Noticed Natasha
  1523 | D:3      | Killed Natasha
  1597 | D:3      | Noticed Natasha
  1605 | D:3      | Slain by Natasha

Vault maps used:
D:1:      nicolae_arrival_washed_ashore, serial_glass, glass_columns_b,
          glass_columns_c, glass_columns_a, glass_columns_a, glass_columns_a,
          glass_columns_c, minivault_24, minivault_19
D:2:      bloody_makhleb
D:3:      lemuel_crystal_altar, fiery_altar_vehumet, uniq_natasha, uniq_iyjb,
          uniq_sigmund

Action                   |  1- 3 |  4- 6 || total
-------------------------+-------+-------++-------
Melee: Short sword       |    98 |       ||    98
       Dagger            |    13 |    15 ||    28
 Cast: Infusion          |     3 |     2 ||     5
  Use: Scroll            |     2 |       ||     2
  Eat: Corpse            |    10 |     1 ||    11
